Reign vs Wolfpack

Created - December 20, 2023 at 19:01

Goals
1 2 3 OT1 SO T
Reign 2 2 0 0 0 4
Wolfpack 2 2 0 0 1 5
Shots
1 2 3 OT1 SO T
Reign 10 14 11 0 3 35
Wolfpack 11 14 3 1 2 29

1st period

1. Reign , Jesse Puljujarvi 12 (Nicolas Hague 4, Nick Suzuki 23) at 0:14
2. Wolfpack , Sebastian Collberg 11 (Nolan Patrick 11, Dryden Hunt 6) at 6:48
3. Reign , Jakub Vrana 12 (Clayton Keller 2, Jesse Puljujarvi 13) at 9:45 (PP)
4. Wolfpack , Steven Santini 4 (Ryan Culkin 14, Mike Condon) at 14:49 (PP)

Penalties :
Dryden Hunt (Har) for Hooking (Minor) at 4:20, Connor Chatam (Har) for High sticking (Minor) at 9:25, Steven Santini (Har) for Holding (Minor) at 12:08, Jakub Vrana (Ont) for Holding (Minor) at 14:34, Andrew Peeke (Har) for Slashing (Minor) at 18:17

2nd period

5. Reign , Brady Tkachuk 13 (Kevin Fiala 15, Darroll Powe 8) at 5:02
6. Wolfpack , Alexander Barabanov 2 (Connor Chatam 10, Alex Barre-Boulet 4) at 6:12
7. Wolfpack , David Pope 13 (Steven Santini 26, Oliver Bjorkstrand 7) at 11:02
8. Reign , Brady Tkachuk 14 (Nick Suzuki 24, Clayton Keller 3) at 19:56 (PP)

Penalties :
Casey Mittelstadt (Har) for Hooking (Minor) at 13:48, Ryan Culkin (Har) for Interference (Minor) at 18:17

3rd period

No Goal

Penalties :
Will Borgen (Har) for Hooking (Minor) at 2:41, Nick Suzuki (Ont) for Hooking (Minor) at 14:49

Overtime #1

No Goal

Penalties :
No Penalty

Shootout

Reign, Kevin Fiala - Shot Misses the Net
Wolfpack, Oliver Bjorkstrand - Stopped by Ivan Fedotov
Reign, Nick Suzuki - Stopped by Mike Condon
Wolfpack, David Pope - Goal!
Reign, Jesse Puljujarvi - Stopped by Mike Condon

Penalties :
No Penalty

Goalie Stats

Ivan Fedotov (Ont), 25 saves from 29 shots - (0.862), OTL, 10-6-4, 65:00 minutes
Mike Condon (Har), 31 saves from 35 shots - (0.886), W, 4-3-1, 65:00 minutes

Players Stats for Reign

Player Name              G  A  P  +/- PIM S  H  SB GA TA FO     MP     PP MP  PK MP  
------------------------------------------------------------------------------------
Alexander Romanov        0  0  0   1  0   0  1  0  0  0  0/0     4:25   0:00   0:00 
Brady Tkachuk            2  0  2   0  0   5  4  0  0  0  0/2    22:04   6:54   0:00 
Charlie McAvoy           0  0  0  -2  0   0  2  2  1  0  0/0    21:13   4:38   0:47 
Clayton Keller           0  2  2   0  0   2  2  0  0  0  0/0    14:00   5:00   0:00 
Darroll Powe             0  1  1  -1  0   3  0  0  0  0  9/13   15:26   0:00   1:12 
Devon Teows              0  0  0  -1  0   0  0  0  0  0  0/0    13:07   0:00   1:27 
Jakub Vrana              1  0  1  -1  2   3  1  0  2  0  1/3    19:39   5:00   0:45 
Jesse Puljujarvi         1  1  2   0  0   6  5  1  0  1  0/0    22:22   6:54   0:00 
Josh Anderson            0  0  0   0  0   2  1  0  1  0  1/1    10:48   0:00   1:12 
Kevin Fiala              0  1  1  -1  0   3  0  0  0  3  0/1    14:30   0:00   0:17 
Lias Andersson           0  0  0   0  0   0  0  0  0  0  1/3    10:44   0:00   0:35 
Michael Anderson         0  0  0   0  0   0  0  0  0  0  0/0    11:55   4:38   0:00 
Miro Heiskanen           0  0  0  -1  0   0  1  0  1  0  0/0    19:19   7:16   0:47 
Nick Suzuki              0  2  2   0  2   3  2  0  1  0  18/36  22:32   6:54   0:00 
Nicolas Hague            0  1  1   1  0   1  1  1  0  1  0/0    19:59   0:00   1:27 
Pierre-Luc Dubois        0  0  0   0  0   2  1  0  0  0  0/0    10:09   0:00   0:00 
Roman Josi               0  0  0   1  0   2  0  1  0  0  0/0    16:50   0:00   0:00 
Tanner Richard           0  0  0   0  0   1  2  0  0  1  3/4    10:08   0:00   0:27 
Timothy Liljegren        0  0  0  -1  0   2  1  1  0  1  0/0    18:12   7:16   0:00 
Yegor Sharangovich       0  0  0   0  0   0  2  0  0  0  1/1    15:22   5:00   0:00 

Players Stats for Wolfpack

Player Name              G  A  P  +/- PIM S  H  SB GA TA FO     MP     PP MP  PK MP  
------------------------------------------------------------------------------------
Alex Barre-Boulet        0  1  1   0  0   0  1  0  0  0  2/8    10:19   0:00   0:00 
Alexander Barabanov      1  0  1   0  0   3  3  0  0  0  0/0    11:44   0:00   0:00 
Alexander Volkov         0  0  0   0  0   0  0  0  0  0  0/0     0:20   0:01   0:00 
Andrew Peeke             0  0  0  -1  2   0  1  1  0  0  0/0    15:08   0:00   2:30 
Cale Fleury              0  0  0   2  0   1  2  0  0  0  0/0    20:49   0:46   4:32 
Casey Mittelstadt        0  0  0   0  2   2  2  1  0  0  12/25  17:55   1:02   0:00 
Connor Chatam            0  1  1   0  2   3  0  0  0  0  0/0    11:53   0:01   0:00 
David Pope               1  0  1   0  0   4  2  0  0  1  2/4    24:59   1:02   6:18 
Dryden Hunt              0  1  1   1  2   1  1  0  0  0  0/0     8:31   0:00   0:40 
Dylan Samberg            0  0  0   0  0   0  0  0  0  0  0/0     3:46   0:00   0:43 
Jake Marchment           0  0  0   0  0   0  0  0  0  0  3/3     6:55   0:00   0:00 
Jeffrey Viel             0  0  0   0  0   0  0  0  0  0  0/0     0:00   0:00   0:00 
K'Andre Miller           0  0  0   2  0   0  2  1  0  1  0/0    21:35   0:46   4:32 
Linus Sandin             0  0  0   0  0   0  0  0  0  0  0/0     0:41   0:01   0:00 
Martin Kaut              0  0  0   0  0   0  0  0  0  0  0/0     0:00   0:00   0:00 
Mikhail Vorobyev         0  0  0   0  0   0  0  0  0  0  0/0     0:00   0:00   0:00 
Nolan Patrick            0  1  1   1  0   0  1  0  0  0  3/9    12:22   1:11   0:04 
Oliver Bjorkstrand       0  1  1   0  0   3  0  0  2  1  6/11   24:23   1:02   6:16 
Owen Tippet              0  0  0   0  0   0  0  0  0  0  0/0     6:55   0:00   0:00 
Ryan Culkin              0  1  1   0  2   0  0  0  1  1  0/0    24:24   1:28   5:36 
Samuel Blais             0  0  0   0  0   2  1  2  1  1  1/2    18:02   1:11   4:52 
Sebastian Collberg       1  0  1   1  0   5  2  0  1  0  0/1    19:39   1:11   4:31 
Steven Santini           1  1  2   0  2   4  3  4  2  1  0/0    27:38   1:28   5:55 
Will Borgen              0  0  0  -1  2   1  2  1  0  0  0/0    13:29   0:00   0:00 
Yegor Korshkov           0  0  0   0  0   0  0  0  0  0  1/1     1:32   0:00   1:07 

3 Stars

1 - Brady Tkachuk (Ont)
2 - Jesse Puljujarvi (Ont)
3 - Steven Santini (Har)

Power Play

Reign - 2 on 7 Attempt(s) - 28.57%
Wolfpack - 1 on 2 Attempt(s) - 50.00%

Penalty Kill

Reign - 1 on 2 Attempt(s) - 50.00% - Score 0 goal in Penalty Kill
Wolfpack - 5 on 7 Attempt(s) - 71.43% - Score 0 goal in Penalty Kill

Team Stat

Reign - Hits : 26 - Faceoff Wins : 34 - Blocked Shots : 6 - Penalty Minutes : 4
Wolfpack - Hits : 23 - Faceoff Wins : 30 - Blocked Shots : 10 - Penalty Minutes : 14

Official

Referees : TJ Luxmore and Wes McCauley
Linesman : Julien Fournier and David Brisebois

Game Notes

Samuel Blais is injured at 0:06 of 1st overtime period (Back Spasms)

Finance

Level 1 -- Attendance: 1786 (89.30%) -- Ticket Income $125,020
Level 2 -- Attendance: 957 (95.70%) -- Ticket Income $38,280
Total Attendance: 2743 (91.43%)
Total Ticket Income: $163,300
Other Income: $8,165
Total Income: $171,465

Reign

5 vs 5 Forward 
   Center                   Left Wing                Right Wing               Time % Phy DF OF 
 1 Nick Suzuki              Brady Tkachuk            Jesse Puljujarvi         35     1   2  2  
 2 Darroll Powe             Kevin Fiala              Jakub Vrana              30     0   2  3  
 3 Tanner Richard           Pierre-Luc Dubois        Yegor Sharangovich       25     1   2  2  
 4 Lias Andersson           Clayton Keller           Josh Anderson            10     0   3  2  

5 vs 5 Defense 
   Defense                  Defense                                           Time % Phy DF OF 
 1 Roman Josi               Nicolas Hague                                     35     0   4  1  
 2 Miro Heiskanen           Charlie McAvoy                                    30     2   2  1  
 3 Timothy Liljegren        Devon Teows                                       25     0   3  2  
 4 Alexander Romanov        Michael Anderson                                  10     2   3  0  

PowerPlay Forward 
   Center                   Left Wing                Right Wing               Time % Phy DF OF 
 1 Nick Suzuki              Brady Tkachuk            Jesse Puljujarvi         55     0   1  4  
 2 Jakub Vrana              Clayton Keller           Yegor Sharangovich       45     0   1  4  

PowerPlay Defense
   Defense                  Defense                                           Time % Phy DF OF 
 1 Timothy Liljegren        Miro Heiskanen                                    70     0   2  3  
 2 Charlie McAvoy           Michael Anderson                                  30     0   3  2  

Penalty Kill 4 Players Forward 
   Center                   Wing                     Time % Phy DF OF 
 1 Darroll Powe             Josh Anderson            60     1   3  1  
 2 Jakub Vrana              Lias Andersson           40     1   3  1  

Penalty Kill 4 Players Defense
   Defense                  Defense                  Time % Phy DF OF 
 1 Nicolas Hague            Devon Teows              60     1   4  0  
 2 Miro Heiskanen           Charlie McAvoy           40     1   4  0  

Penalty Kill - 3 Players Forward 
   Forward                                           Time % Phy DF OF 
 1 Darroll Powe                                      60     1   3  1  
 2 Kevin Fiala                                       40     1   3  1  

Penalty Kill - 3 Players Defense
   Defense                  Defense                  Time % Phy DF OF 
 1 Nicolas Hague            Devon Teows              60     1   4  0  
 2 Miro Heiskanen           Charlie McAvoy           40     1   4  0  

4 vs 4 Forward 
   Center                   Wing                     Time % Phy DF OF 
 1 Darroll Powe             Kevin Fiala              60     1   2  2  
 2 Nick Suzuki              Brady Tkachuk            40     1   2  2  

4 vs 4 Defense
   Defense                  Defense                  Time % Phy DF OF 
 1 Charlie McAvoy           Nicolas Hague            60     1   2  2  
 2 Devon Teows              Miro Heiskanen           40     1   2  2  

Last Minutes Offensive
   Center                   Left Wing                Right Wing               Defense                  Defense                  
   Nick Suzuki              Kevin Fiala              Jesse Puljujarvi         Charlie McAvoy           Miro Heiskanen           

Last Minutes Defensive
   Center                   Left Wing                Right Wing               Defense                  Defense                  
   Darroll Powe             Kevin Fiala              Josh Anderson            Charlie McAvoy           Nicolas Hague            

Goaltenders
Starting : Ivan Fedotov             
Backup : Cayden Primeau           

Extra Forwards
Normal : Pierre-Luc Dubois, Brady Tkachuk, Jakub Vrana - PP : Jakub Vrana, Josh Anderson - PK : Tanner Richard
Extra Defensemen
Normal : Charlie McAvoy, Miro Heiskanen, Devon Teows - PP : Roman Josi - PK : Alexander Romanov, Roman Josi
Penalty Shots
Kevin Fiala, Nick Suzuki, Jesse Puljujarvi, Yegor Sharangovich, Jakub Vrana
Custom OT Lines Forwards
Darroll Powe, Jesse Puljujarvi, Nick Suzuki, Kevin Fiala, Brady Tkachuk, Jakub Vrana, Yegor Sharangovich, Tanner Richard, Pierre-Luc Dubois, Clayton Keller
Custom OT Lines Defensemen
Charlie McAvoy, Nicolas Hague, Roman Josi, Miro Heiskanen, Alexander Romanov

Scratches
Chandler Stephenson (Healthy), Joel Kiviranta (Healthy), Mason Appleton (Healthy), Hunter Drew (Healthy), Tomas Hyka (Healthy)
Michael Pezzetta (Healthy), Justus Annunen (Healthy)

Wolfpack

5 vs 5 Forward 
   Center                   Left Wing                Right Wing               Time % Phy DF OF 
 1 Casey Mittelstadt        David Pope               Oliver Bjorkstrand       40     1   2  2  
 2 Nolan Patrick            Samuel Blais             Sebastian Collberg       30     1   2  2  
 3 Alex Barre-Boulet        Alexander Barabanov      Connor Chatam            20     1   2  2  
 4 Jake Marchment           Dryden Hunt              Owen Tippet              10     1   2  2  

5 vs 5 Defense 
   Defense                  Defense                                           Time % Phy DF OF 
 1 Steven Santini           Ryan Culkin                                       40     1   2  2  
 2 K'Andre Miller           Cale Fleury                                       30     1   2  2  
 3 Will Borgen              Andrew Peeke                                      20     1   2  2  
 4 Dylan Samberg            Steven Santini                                    10     1   2  2  

PowerPlay Forward 
   Center                   Left Wing                Right Wing               Time % Phy DF OF 
 1 Casey Mittelstadt        David Pope               Oliver Bjorkstrand       60     1   2  2  
 2 Nolan Patrick            Samuel Blais             Sebastian Collberg       40     1   2  2  

PowerPlay Defense
   Defense                  Defense                                           Time % Phy DF OF 
 1 Steven Santini           Ryan Culkin                                       60     1   2  2  
 2 K'Andre Miller           Cale Fleury                                       40     1   2  2  

Penalty Kill 4 Players Forward 
   Center                   Wing                     Time % Phy DF OF 
 1 Oliver Bjorkstrand       David Pope               60     1   2  2  
 2 Samuel Blais             Sebastian Collberg       40     1   2  2  

Penalty Kill 4 Players Defense
   Defense                  Defense                  Time % Phy DF OF 
 1 Steven Santini           Ryan Culkin              60     1   2  2  
 2 K'Andre Miller           Cale Fleury              40     1   2  2  

Penalty Kill - 3 Players Forward 
   Forward                                           Time % Phy DF OF 
 1 Oliver Bjorkstrand                                60     1   2  2  
 2 David Pope                                        40     1   2  2  

Penalty Kill - 3 Players Defense
   Defense                  Defense                  Time % Phy DF OF 
 1 Steven Santini           Ryan Culkin              60     1   2  2  
 2 K'Andre Miller           Cale Fleury              40     1   2  2  

4 vs 4 Forward 
   Center                   Wing                     Time % Phy DF OF 
 1 Oliver Bjorkstrand       David Pope               60     1   2  2  
 2 Samuel Blais             Sebastian Collberg       40     1   2  2  

4 vs 4 Defense
   Defense                  Defense                  Time % Phy DF OF 
 1 Steven Santini           Ryan Culkin              60     1   2  2  
 2 K'Andre Miller           Cale Fleury              40     1   2  2  

Last Minutes Offensive
   Center                   Left Wing                Right Wing               Defense                  Defense                  
   Casey Mittelstadt        David Pope               Oliver Bjorkstrand       Steven Santini           Ryan Culkin              

Last Minutes Defensive
   Center                   Left Wing                Right Wing               Defense                  Defense                  
   Casey Mittelstadt        David Pope               Oliver Bjorkstrand       Steven Santini           Ryan Culkin              

Goaltenders
Starting : Mike Condon              
Backup : Eric Comrie              

Extra Forwards
Normal : Linus Sandin, Alexander Volkov, Yegor Korshkov - PP : Linus Sandin, Alexander Volkov - PK : Yegor Korshkov
Extra Defensemen
Normal : Will Borgen, Andrew Peeke, Dylan Samberg - PP : Will Borgen - PK : Andrew Peeke, Dylan Samberg
Penalty Shots
Oliver Bjorkstrand, David Pope, Samuel Blais, Sebastian Collberg, Connor Chatam
Custom OT Lines Forwards
Oliver Bjorkstrand, David Pope, Samuel Blais, Sebastian Collberg, Connor Chatam, Casey Mittelstadt, Alexander Barabanov, Dryden Hunt, Nolan Patrick, Owen Tippet
Custom OT Lines Defensemen
Steven Santini, Ryan Culkin, K'Andre Miller, Cale Fleury, Will Borgen

Scratches
Ryan Poehling (Healthy), Mason Shaw (Healthy), Colton White (Back Surgery Injury), Samuel Houde (Healthy), Joshua Jacobs (Back Injury)
Dante Fabbro (Back Spasms Injury), Jack Drury (Healthy), Jakub Lauko (Healthy), Mathias Laferriere (Healthy), Samuel Ersson (Healthy)
Jake Paterson (Healthy)

% Time on Ice - Reign

Lines # - Real PCT - Wanted PCT - Time Play
Normal Forward
1 - 32% - 35% - 14:46
2 - 27% - 30% - 12:34
3 - 21% - 25% - 9:32
4 - 20% - 10% - 9:00
Normal Defense
1 - 37% - 35% - 16:55
2 - 30% - 30% - 13:43
3 - 24% - 25% - 10:49
4 - 10% - 10% - 4:25
PP Forward
1 - 58% - 55% - 6:54
2 - 42% - 45% - 5:00
PP Defense
1 - 61% - 70% - 7:16
2 - 39% - 30% - 4:38
PK Forward
1 - 90% - 60% - 2:00
2 - 10% - 40% - 0:14
PK Defense
1 - 65% - 60% - 1:27
2 - 35% - 40% - 0:47
PK3 Forward
1 - 0% - 60%
2 - 0% - 40%
PK3 Defense
1 - 0% - 60%
2 - 0% - 40%
44 Forward
1 - 0% - 60%
2 - 0% - 40%
44 Defense
1 - 0% - 60%
2 - 0% - 40%
Last Minute Offensive  - 0:00
Last Minute Defensive  - 0:00
Total
Forward - 60:00
Defense - 60:00

% Time on Ice - Wolfpack

Lines # - Real PCT - Wanted PCT - Time Play
Normal Forward
1 - 35% - 40% - 16:10
2 - 27% - 30% - 12:28
3 - 22% - 20% - 10:19
4 - 15% - 10% - 6:55
Normal Defense
1 - 36% - 40% - 16:39
2 - 32% - 30% - 14:36
3 - 26% - 20% - 12:01
4 - 6% - 10% - 2:36
PP Forward
1 - 47% - 60% - 1:03
2 - 53% - 40% - 1:11
PP Defense
1 - 66% - 60% - 1:28
2 - 34% - 40% - 0:46
PK Forward
1 - 62% - 60% - 7:23
2 - 38% - 40% - 4:31
PK Defense
1 - 62% - 60% - 7:22
2 - 38% - 40% - 4:32
PK3 Forward
1 - 0% - 60%
2 - 0% - 40%
PK3 Defense
1 - 0% - 60%
2 - 0% - 40%
44 Forward
1 - 0% - 60%
2 - 0% - 40%
44 Defense
1 - 0% - 60%
2 - 0% - 40%
Last Minute Offensive  - 0:00
Last Minute Defensive  - 0:00
Total
Forward - 60:00
Defense - 60:00

Play-by-Play

1st period


0:01 of 1st period - Nick Suzuki wins face-off versus Casey Mittelstadt in neutral zone.
0:10 of 1st period - Wrist shot by Nick Suzuki.
0:10 of 1st period - Shot Misses the Net.
0:12 of 1st period - Snap shot by Jesse Puljujarvi.
0:12 of 1st period - Shot Blocked by Steven Santini.
0:14 of 1st period - Slapshot by Nicolas Hague.
0:14 of 1st period - Deflect By Jesse Puljujarvi.
0:14 of 1st period - Goal by Jesse Puljujarvi - Reign : 1 - Wolfpack : 0.
0:15 of 1st period - Nolan Patrick wins face-off versus Kevin Fiala in neutral zone.
0:18 of 1st period - Slapshot by Sebastian Collberg.
0:18 of 1st period - Stopped by Ivan Fedotov with a rebound.
0:20 of 1st period - Slapshot by Cale Fleury.
0:20 of 1st period - Stopped by Ivan Fedotov with a rebound.
0:40 of 1st period - Wrist shot by Josh Anderson.
0:40 of 1st period - Deflect By Clayton Keller.
0:40 of 1st period - Stopped by Mike Condon without a rebound.
0:41 of 1st period - Josh Anderson wins face-off versus Alex Barre-Boulet in Wolfpack zone.
1:13 of 1st period - Slapshot by David Pope.
1:13 of 1st period - Stopped by Ivan Fedotov without a rebound.
1:14 of 1st period - Jake Marchment wins face-off versus Nick Suzuki in Reign zone.
1:39 of 1st period - Roman Josi is hit by Steven Santini and loses puck.
2:04 of 1st period - Yegor Sharangovich is hit by K'Andre Miller and loses puck.
3:32 of 1st period - Snap shot by Pierre-Luc Dubois.
3:32 of 1st period - Shot Blocked by Will Borgen.
4:20 of 1st period - Minor Penalty to Dryden Hunt for Hooking.
4:21 of 1st period - Nick Suzuki wins face-off versus Oliver Bjorkstrand in Wolfpack zone.
4:24 of 1st period - Snap shot by Nick Suzuki.
4:24 of 1st period - Shot Misses the Net.
4:52 of 1st period - Steven Santini is hit by Clayton Keller and loses puck.
6:20 of 1st period - Penalty to Dryden Hunt is over, Dryden Hunt is back on ice.
6:21 of 1st period - Michael Anderson is hit by Nolan Patrick and loses puck.
6:44 of 1st period - Wrist shot by Nolan Patrick.
6:44 of 1st period - Shot Misses the Net.
6:46 of 1st period - Snap shot by Sebastian Collberg.
6:46 of 1st period - Shot Blocked by Jesse Puljujarvi.
6:48 of 1st period - Snap shot by Sebastian Collberg.
6:48 of 1st period - Goal by Sebastian Collberg - Reign : 1 - Wolfpack : 1.
6:49 of 1st period - Casey Mittelstadt wins face-off versus Darroll Powe in neutral zone.
7:14 of 1st period - Ryan Culkin is hit by Nicolas Hague and loses puck.
7:23 of 1st period - Wrist shot by Pierre-Luc Dubois.
7:23 of 1st period - Stopped by Mike Condon without a rebound.
7:24 of 1st period - Casey Mittelstadt wins face-off versus Darroll Powe in Wolfpack zone.
7:37 of 1st period - Wrist shot by Oliver Bjorkstrand.
7:37 of 1st period - Stopped by Ivan Fedotov without a rebound.
7:38 of 1st period - Nick Suzuki wins face-off versus Casey Mittelstadt in Reign zone.
8:15 of 1st period - Snap shot by Darroll Powe.
8:15 of 1st period - Shot Misses the Net.
8:29 of 1st period - Pierre-Luc Dubois is hit by David Pope and loses puck.
8:36 of 1st period - K'Andre Miller is hit by Tanner Richard and loses puck.
8:58 of 1st period - Sebastian Collberg is hit by Miro Heiskanen and loses puck.
9:25 of 1st period - Minor Penalty to Connor Chatam for High sticking.
9:26 of 1st period - Nick Suzuki wins face-off versus Oliver Bjorkstrand in Wolfpack zone.
9:45 of 1st period - Slapshot by Jakub Vrana.
9:45 of 1st period - Goal by Jakub Vrana - Reign : 2 - Wolfpack : 1.
9:46 of 1st period - David Pope wins face-off versus Brady Tkachuk in neutral zone.
9:56 of 1st period - Snap shot by David Pope.
9:56 of 1st period - Shot Blocked by Roman Josi.
9:58 of 1st period - Wrist shot by Oliver Bjorkstrand.
9:58 of 1st period - Shot Misses the Net.
10:00 of 1st period - Wrist shot by Casey Mittelstadt.
10:00 of 1st period - Stopped by Ivan Fedotov with a rebound.
10:02 of 1st period - Backhand shot by Steven Santini.
10:02 of 1st period - Deflect By Oliver Bjorkstrand.
10:02 of 1st period - Shot Misses the Net.
10:02 of 1st period - Puck is out of play.
10:03 of 1st period - Darroll Powe wins face-off versus Nolan Patrick in Reign zone.
10:18 of 1st period - Snap shot by Jakub Vrana.
10:18 of 1st period - Stopped by Mike Condon with a rebound.
10:51 of 1st period - Oliver Bjorkstrand is hit by Tanner Richard and loses puck.
10:57 of 1st period - Off-side.
10:58 of 1st period - Nick Suzuki wins face-off versus Alex Barre-Boulet in neutral zone.
11:01 of 1st period - K'Andre Miller is hit by Brady Tkachuk and loses puck.
11:06 of 1st period - Backhand shot by Nick Suzuki.
11:06 of 1st period - Shot Misses the Net.
12:08 of 1st period - Minor Penalty to Steven Santini for Holding.
12:09 of 1st period - Oliver Bjorkstrand wins face-off versus Brady Tkachuk in Wolfpack zone.
12:18 of 1st period - Andrew Peeke is hit by Brady Tkachuk and loses puck.
12:43 of 1st period - Wrist shot by Clayton Keller.
12:43 of 1st period - Deflect By Jakub Vrana.
12:43 of 1st period - Stopped by Mike Condon with a rebound.
12:45 of 1st period - Slapshot by Miro Heiskanen.
12:45 of 1st period - Shot Blocked by Samuel Blais.
13:48 of 1st period - Icing by Yegor Sharangovich.
13:49 of 1st period - Yegor Korshkov wins face-off versus Jakub Vrana in Reign zone.
14:08 of 1st period - Penalty to Steven Santini is over, Steven Santini is back on ice.
14:34 of 1st period - Minor Penalty to Jakub Vrana for Holding.
14:35 of 1st period - Nolan Patrick wins face-off versus Darroll Powe in Reign zone.
14:47 of 1st period - Wrist shot by Steven Santini.
14:47 of 1st period - Stopped by Ivan Fedotov with a rebound.
14:49 of 1st period - Slapshot by Steven Santini.
14:49 of 1st period - Goal by Steven Santini - Reign : 2 - Wolfpack : 2.
14:50 of 1st period - Casey Mittelstadt wins face-off versus Nick Suzuki in neutral zone.
14:52 of 1st period - Off-side.
14:53 of 1st period - Casey Mittelstadt wins face-off versus Nick Suzuki in neutral zone.
15:18 of 1st period - Backhand shot by Steven Santini.
15:18 of 1st period - Stopped by Ivan Fedotov with a rebound.
15:20 of 1st period - Slapshot by Steven Santini.
15:20 of 1st period - Stopped by Ivan Fedotov without a rebound.
15:21 of 1st period - Darroll Powe wins face-off versus Nolan Patrick in Reign zone.
15:21 of 1st period - Darroll Powe is hit by Will Borgen.
16:47 of 1st period - Wrist shot by Darroll Powe.
16:47 of 1st period - Stopped by Mike Condon with a rebound.
16:49 of 1st period - Snap shot by Jakub Vrana.
16:49 of 1st period - Shot Misses the Net.
16:51 of 1st period - Snap shot by Darroll Powe.
16:51 of 1st period - Stopped by Mike Condon with a rebound.
16:53 of 1st period - Wrist shot by Kevin Fiala.
16:53 of 1st period - Stopped by Mike Condon with a rebound.
16:57 of 1st period - Wrist shot by Kevin Fiala.
16:57 of 1st period - Stopped by Mike Condon without a rebound.
16:58 of 1st period - Nick Suzuki wins face-off versus Casey Mittelstadt in Wolfpack zone.
17:34 of 1st period - Wrist shot by Connor Chatam.
17:34 of 1st period - Stopped by Ivan Fedotov with a rebound.
17:36 of 1st period - Slapshot by K'Andre Miller.
17:36 of 1st period - Shot Misses the Net.
17:45 of 1st period - Off-side.
17:46 of 1st period - Jake Marchment wins face-off versus Lias Andersson in neutral zone.
18:17 of 1st period - Minor Penalty to Andrew Peeke for Slashing.
18:18 of 1st period - Oliver Bjorkstrand wins face-off versus Nick Suzuki in Wolfpack zone.
18:34 of 1st period - Miro Heiskanen is hit by David Pope and loses puck.
18:45 of 1st period - Steven Santini is hit by Jakub Vrana and loses puck.
18:52 of 1st period - Snap shot by Clayton Keller.
18:52 of 1st period - Shot Hit the Post.
Goals for this period are 2 for Reign vs 2 for Wolfpack.
Shots for this period are 10 for Reign vs 11 for Wolfpack.

2nd period


0:01 of 2nd period - Oliver Bjorkstrand wins face-off versus Nick Suzuki in neutral zone.
0:17 of 2nd period - Penalty to Andrew Peeke is over, Andrew Peeke is back on ice.
0:23 of 2nd period - Icing by Ryan Culkin.
0:24 of 2nd period - Oliver Bjorkstrand wins face-off versus Tanner Richard in Wolfpack zone.
0:24 of 2nd period - Oliver Bjorkstrand is hit by Yegor Sharangovich.
0:36 of 2nd period - Snap shot by Pierre-Luc Dubois.
0:36 of 2nd period - Stopped by Mike Condon with a rebound.
0:38 of 2nd period - Slapshot by Roman Josi.
0:38 of 2nd period - Shot Blocked by Steven Santini.
0:54 of 2nd period - Oliver Bjorkstrand is hit by Jesse Puljujarvi.
0:58 of 2nd period - Snap shot by Nick Suzuki.
0:58 of 2nd period - Stopped by Mike Condon with a rebound.
1:00 of 2nd period - Wrist shot by Nick Suzuki.
1:00 of 2nd period - Shot Misses the Net.
1:14 of 2nd period - Wrist shot by Samuel Blais.
1:14 of 2nd period - Stopped by Ivan Fedotov with a rebound.
1:36 of 2nd period - Miro Heiskanen is hit by Cale Fleury and loses puck.
1:41 of 2nd period - Wrist shot by Dryden Hunt.
1:41 of 2nd period - Shot Misses the Net.
1:43 of 2nd period - Snap shot by Owen Tippet.
1:43 of 2nd period - Shot Misses the Net.
2:01 of 2nd period - Miro Heiskanen is hit by Cale Fleury and loses puck.
2:10 of 2nd period - Brady Tkachuk is hit by Alexander Barabanov and loses puck.
2:31 of 2nd period - Snap shot by Pierre-Luc Dubois.
2:31 of 2nd period - Deflect By Yegor Sharangovich.
2:31 of 2nd period - Shot Misses the Net.
2:31 of 2nd period - Puck is out of play.
2:32 of 2nd period - Tanner Richard wins face-off versus Nolan Patrick in Wolfpack zone.
2:33 of 2nd period - Backhand shot by Pierre-Luc Dubois.
2:33 of 2nd period - Shot Misses the Net.
2:45 of 2nd period - Wrist shot by Sebastian Collberg.
2:45 of 2nd period - Stopped by Ivan Fedotov with a rebound.
2:47 of 2nd period - Snap shot by Will Borgen.
2:47 of 2nd period - Stopped by Ivan Fedotov without a rebound.
2:48 of 2nd period - Nick Suzuki wins face-off versus Casey Mittelstadt in Reign zone.
3:21 of 2nd period - Backhand shot by Jakub Vrana.
3:21 of 2nd period - Shot Blocked by K'Andre Miller.
3:23 of 2nd period - Slapshot by Nicolas Hague.
3:23 of 2nd period - Shot Misses the Net.
3:25 of 2nd period - Slapshot by Nicolas Hague.
3:25 of 2nd period - Stopped by Mike Condon without a rebound.
3:26 of 2nd period - Alex Barre-Boulet wins face-off versus Nick Suzuki in Wolfpack zone.
4:01 of 2nd period - Wrist shot by Tanner Richard.
4:01 of 2nd period - Shot Misses the Net.
4:03 of 2nd period - Slapshot by Devon Teows.
4:03 of 2nd period - Shot Misses the Net.
5:02 of 2nd period - Wrist shot by Brady Tkachuk.
5:02 of 2nd period - Goal by Brady Tkachuk - Reign : 3 - Wolfpack : 2.
5:03 of 2nd period - Casey Mittelstadt wins face-off versus Nick Suzuki in neutral zone.
5:08 of 2nd period - Snap shot by Oliver Bjorkstrand.
5:08 of 2nd period - Stopped by Ivan Fedotov with a rebound.
5:42 of 2nd period - Slapshot by Tanner Richard.
5:42 of 2nd period - Shot Misses the Net.
5:56 of 2nd period - Snap shot by Alexander Barabanov.
5:56 of 2nd period - Stopped by Ivan Fedotov with a rebound.
6:12 of 2nd period - Backhand shot by Alexander Barabanov.
6:12 of 2nd period - Goal by Alexander Barabanov - Reign : 3 - Wolfpack : 3.
6:13 of 2nd period - Casey Mittelstadt wins face-off versus Nick Suzuki in neutral zone.
6:24 of 2nd period - Snap shot by Oliver Bjorkstrand.
6:24 of 2nd period - Deflect By Brady Tkachuk.
6:24 of 2nd period - Shot Blocked by Charlie McAvoy.
6:24 of 2nd period - Puck is out of play.
6:25 of 2nd period - Nick Suzuki wins face-off versus Casey Mittelstadt in Reign zone.
6:57 of 2nd period - Slapshot by Tanner Richard.
6:57 of 2nd period - Stopped by Mike Condon with a rebound.
7:03 of 2nd period - Roman Josi is hit by Andrew Peeke and loses puck.
7:20 of 2nd period - Slapshot by Darroll Powe.
7:20 of 2nd period - Stopped by Mike Condon with a rebound.
8:17 of 2nd period - Slapshot by Sebastian Collberg.
8:17 of 2nd period - Stopped by Ivan Fedotov with a rebound.
8:19 of 2nd period - Wrist shot by Sebastian Collberg.
8:19 of 2nd period - Shot Misses the Net.
10:01 of 2nd period - Icing by Cale Fleury.
10:02 of 2nd period - Alex Barre-Boulet wins face-off versus Nick Suzuki in Wolfpack zone.
10:02 of 2nd period - Alex Barre-Boulet is hit by Charlie McAvoy.
10:46 of 2nd period - Wrist shot by Connor Chatam.
10:46 of 2nd period - Stopped by Ivan Fedotov without a rebound.
10:47 of 2nd period - Casey Mittelstadt wins face-off versus Nick Suzuki in Reign zone.
10:48 of 2nd period - Snap shot by Oliver Bjorkstrand.
10:48 of 2nd period - Shot Misses the Net.
10:50 of 2nd period - Wrist shot by Oliver Bjorkstrand.
10:50 of 2nd period - Stopped by Ivan Fedotov with a rebound.
10:52 of 2nd period - Snap shot by David Pope.
10:52 of 2nd period - Stopped by Ivan Fedotov with a rebound.
10:54 of 2nd period - Wrist shot by David Pope.
10:54 of 2nd period - Shot Blocked by Charlie McAvoy.
11:02 of 2nd period - Snap shot by David Pope.
11:02 of 2nd period - Goal by David Pope - Reign : 3 - Wolfpack : 4.
11:03 of 2nd period - Nick Suzuki wins face-off versus Casey Mittelstadt in neutral zone.
12:20 of 2nd period - Icing by Ryan Culkin.
12:21 of 2nd period - Nick Suzuki wins face-off versus Casey Mittelstadt in Wolfpack zone.
12:22 of 2nd period - Snap shot by Brady Tkachuk.
12:22 of 2nd period - Stopped by Mike Condon with a rebound.
12:25 of 2nd period - Icing by Steven Santini.
12:26 of 2nd period - Nick Suzuki wins face-off versus Casey Mittelstadt in Wolfpack zone.
12:27 of 2nd period - Slapshot by Brady Tkachuk.
12:27 of 2nd period - Stopped by Mike Condon without a rebound.
12:28 of 2nd period - Casey Mittelstadt wins face-off versus Nick Suzuki in Wolfpack zone.
12:59 of 2nd period - Wrist shot by Kevin Fiala.
12:59 of 2nd period - Stopped by Mike Condon with a rebound.
13:01 of 2nd period - Slapshot by Roman Josi.
13:01 of 2nd period - Shot Misses the Net.
13:40 of 2nd period - Off-side.
13:41 of 2nd period - Nick Suzuki wins face-off versus Casey Mittelstadt in neutral zone.
13:46 of 2nd period - Snap shot by Nick Suzuki.
13:46 of 2nd period - Shot Blocked by Steven Santini.
13:48 of 2nd period - Minor Penalty to Casey Mittelstadt for Hooking.
13:49 of 2nd period - Nick Suzuki wins face-off versus Oliver Bjorkstrand in Wolfpack zone.
14:28 of 2nd period - Off-side.
14:29 of 2nd period - Jakub Vrana wins face-off versus Samuel Blais in neutral zone.
15:48 of 2nd period - Penalty to Casey Mittelstadt is over, Casey Mittelstadt is back on ice.
16:05 of 2nd period - Snap shot by Connor Chatam.
16:05 of 2nd period - Shot Misses the Net.
16:07 of 2nd period - Slapshot by Connor Chatam.
16:07 of 2nd period - Shot Hit the Post.
16:23 of 2nd period - Slapshot by Dryden Hunt.
16:23 of 2nd period - Stopped by Ivan Fedotov with a rebound.
16:42 of 2nd period - Nicolas Hague is hit by Steven Santini and loses puck.
16:47 of 2nd period - Wrist shot by Samuel Blais.
16:47 of 2nd period - Deflect By Sebastian Collberg.
16:47 of 2nd period - Stopped by Ivan Fedotov with a rebound.
17:13 of 2nd period - Snap shot by Alexander Barabanov.
17:13 of 2nd period - Stopped by Ivan Fedotov without a rebound.
17:14 of 2nd period - Nick Suzuki wins face-off versus Alex Barre-Boulet in Reign zone.
17:22 of 2nd period - Off-side.
17:23 of 2nd period - Casey Mittelstadt wins face-off versus Nick Suzuki in neutral zone.
17:45 of 2nd period - Icing by Nick Suzuki.
17:46 of 2nd period - Darroll Powe wins face-off versus Nolan Patrick in Reign zone.
17:46 of 2nd period - Darroll Powe is hit by K'Andre Miller.
17:56 of 2nd period - Slapshot by Roman Josi.
17:56 of 2nd period - Stopped by Mike Condon without a rebound.
17:57 of 2nd period - Nick Suzuki wins face-off versus Casey Mittelstadt in Wolfpack zone.
18:12 of 2nd period - Wrist shot by Nick Suzuki.
18:12 of 2nd period - Stopped by Mike Condon without a rebound.
18:13 of 2nd period - Darroll Powe wins face-off versus Nolan Patrick in Wolfpack zone.
18:17 of 2nd period - Minor Penalty to Ryan Culkin for Interference.
18:18 of 2nd period - Nick Suzuki wins face-off versus Oliver Bjorkstrand in Wolfpack zone.
18:22 of 2nd period - Slapshot by Jesse Puljujarvi.
18:22 of 2nd period - Stopped by Mike Condon without a rebound.
18:23 of 2nd period - Oliver Bjorkstrand wins face-off versus Nick Suzuki in Wolfpack zone.
18:23 of 2nd period - Oliver Bjorkstrand is hit by Brady Tkachuk.
18:51 of 2nd period - Slapshot by Timothy Liljegren.
18:51 of 2nd period - Stopped by Mike Condon without a rebound.
18:52 of 2nd period - Samuel Blais wins face-off versus Jakub Vrana in Wolfpack zone.
19:05 of 2nd period - Wrist shot by David Pope.
19:05 of 2nd period - Shot Misses the Net.
19:26 of 2nd period - Wrist shot by Sebastian Collberg.
19:26 of 2nd period - Shot Misses the Net.
19:56 of 2nd period - Wrist shot by Brady Tkachuk.
19:56 of 2nd period - Goal by Brady Tkachuk - Reign : 4 - Wolfpack : 4.
19:57 of 2nd period - Nolan Patrick wins face-off versus Nick Suzuki in neutral zone.
Goals for this period are 2 for Reign vs 2 for Wolfpack.
Shots for this period are 14 for Reign vs 14 for Wolfpack.

3rd period


0:01 of 3rd period - Nick Suzuki wins face-off versus Casey Mittelstadt in neutral zone.
0:04 of 3rd period - Snap shot by Jesse Puljujarvi.
0:04 of 3rd period - Stopped by Mike Condon with a rebound.
0:12 of 3rd period - Backhand shot by Jesse Puljujarvi.
0:12 of 3rd period - Stopped by Mike Condon with a rebound.
0:14 of 3rd period - Slapshot by Jesse Puljujarvi.
0:14 of 3rd period - Shot Misses the Net.
0:16 of 3rd period - Snap shot by Nick Suzuki.
0:16 of 3rd period - Shot Misses the Net.
0:26 of 3rd period - Kevin Fiala is hit by Sebastian Collberg and loses puck.
0:42 of 3rd period - Off-side.
0:43 of 3rd period - Tanner Richard wins face-off versus Alex Barre-Boulet in neutral zone.
0:53 of 3rd period - Pierre-Luc Dubois is hit by Alex Barre-Boulet and loses puck.
1:37 of 3rd period - Wrist shot by Darroll Powe.
1:37 of 3rd period - Shot Misses the Net.
1:39 of 3rd period - Snap shot by Miro Heiskanen.
1:39 of 3rd period - Shot Misses the Net.
1:48 of 3rd period - Icing by Owen Tippet.
1:49 of 3rd period - Jake Marchment wins face-off versus Lias Andersson in Wolfpack zone.
1:49 of 3rd period - Jake Marchment is hit by Clayton Keller.
2:15 of 3rd period - Oliver Bjorkstrand is hit by Nick Suzuki and loses puck.
2:41 of 3rd period - Minor Penalty to Will Borgen for Hooking.
2:42 of 3rd period - Oliver Bjorkstrand wins face-off versus Nick Suzuki in Wolfpack zone.
2:42 of 3rd period - Oliver Bjorkstrand is hit by Brady Tkachuk.
3:09 of 3rd period - Snap shot by Clayton Keller.
3:09 of 3rd period - Stopped by Mike Condon with a rebound.
3:14 of 3rd period - Off-side.
3:15 of 3rd period - Nick Suzuki wins face-off versus Oliver Bjorkstrand in neutral zone.
3:20 of 3rd period - Cale Fleury is hit by Jesse Puljujarvi and loses puck.
3:42 of 3rd period - K'Andre Miller is hit by Jesse Puljujarvi and loses puck.
4:41 of 3rd period - Penalty to Will Borgen is over, Will Borgen is back on ice.
5:14 of 3rd period - Wrist shot by Nick Suzuki.
5:14 of 3rd period - Stopped by Mike Condon with a rebound.
6:07 of 3rd period - Snap shot by Jesse Puljujarvi.
6:07 of 3rd period - Stopped by Mike Condon with a rebound.
6:09 of 3rd period - Snap shot by Brady Tkachuk.
6:09 of 3rd period - Stopped by Mike Condon without a rebound.
6:10 of 3rd period - Darroll Powe wins face-off versus Casey Mittelstadt in Wolfpack zone.
6:11 of 3rd period - Wrist shot by Kevin Fiala.
6:11 of 3rd period - Shot Misses the Net.
6:16 of 3rd period - Off-side.
6:17 of 3rd period - Darroll Powe wins face-off versus Casey Mittelstadt in neutral zone.
6:46 of 3rd period - Wrist shot by Josh Anderson.
6:46 of 3rd period - Stopped by Mike Condon with a rebound.
6:48 of 3rd period - Slapshot by Timothy Liljegren.
6:48 of 3rd period - Shot Blocked by Casey Mittelstadt.
6:50 of 3rd period - Slapshot by Devon Teows.
6:50 of 3rd period - Shot Misses the Net.
6:52 of 3rd period - Snap shot by Josh Anderson.
6:52 of 3rd period - Stopped by Mike Condon without a rebound.
6:53 of 3rd period - Darroll Powe wins face-off versus Alex Barre-Boulet in Wolfpack zone.
7:20 of 3rd period - Pierre-Luc Dubois is hit by Dryden Hunt and loses puck.
7:27 of 3rd period - Wrist shot by Dryden Hunt.
7:27 of 3rd period - Shot Misses the Net.
8:11 of 3rd period - Steven Santini is hit by Yegor Sharangovich and loses puck.
8:14 of 3rd period - Slapshot by Steven Santini.
8:14 of 3rd period - Shot Misses the Net.
8:16 of 3rd period - Snap shot by Connor Chatam.
8:16 of 3rd period - Stopped by Ivan Fedotov with a rebound.
8:18 of 3rd period - Slapshot by Ryan Culkin.
8:18 of 3rd period - Shot Blocked by Timothy Liljegren.
8:20 of 3rd period - Slapshot by Steven Santini.
8:20 of 3rd period - Shot Misses the Net.
8:24 of 3rd period - Snap shot by Connor Chatam.
8:24 of 3rd period - Shot Misses the Net.
8:40 of 3rd period - Slapshot by Timothy Liljegren.
8:40 of 3rd period - Stopped by Mike Condon with a rebound.
8:50 of 3rd period - Nicolas Hague is hit by Alexander Barabanov and loses puck.
9:37 of 3rd period - Cale Fleury is hit by Josh Anderson and loses puck.
10:26 of 3rd period - Icing by Will Borgen.
10:27 of 3rd period - Tanner Richard wins face-off versus Alex Barre-Boulet in Wolfpack zone.
10:42 of 3rd period - Nicolas Hague is hit by Will Borgen and loses puck.
11:35 of 3rd period - Alex Barre-Boulet is hit by Jesse Puljujarvi and loses puck.
12:03 of 3rd period - Dryden Hunt is hit by Charlie McAvoy and loses puck.
12:24 of 3rd period - Wrist shot by Jakub Vrana.
12:24 of 3rd period - Shot Blocked by Andrew Peeke.
12:41 of 3rd period - Slapshot by Roman Josi.
12:41 of 3rd period - Stopped by Mike Condon with a rebound.
13:03 of 3rd period - Slapshot by Jesse Puljujarvi.
13:03 of 3rd period - Stopped by Mike Condon with a rebound.
13:23 of 3rd period - Andrew Peeke is hit by Alexander Romanov and loses puck.
13:36 of 3rd period - Casey Mittelstadt is hit by Timothy Liljegren and loses puck.
13:55 of 3rd period - Snap shot by Casey Mittelstadt.
13:55 of 3rd period - Deflect By Sebastian Collberg.
13:55 of 3rd period - Shot Misses the Net.
13:55 of 3rd period - Puck is out of play.
13:56 of 3rd period - Lias Andersson wins face-off versus Nolan Patrick in Reign zone.
13:56 of 3rd period - Lias Andersson is hit by Samuel Blais.
14:36 of 3rd period - Snap shot by Samuel Blais.
14:36 of 3rd period - Stopped by Ivan Fedotov without a rebound.
14:37 of 3rd period - Casey Mittelstadt wins face-off versus Nick Suzuki in Reign zone.
14:40 of 3rd period - Snap shot by David Pope.
14:40 of 3rd period - Deflect By Oliver Bjorkstrand.
14:40 of 3rd period - Deflect By Nick Suzuki.
14:40 of 3rd period - Shot Misses the Net.
14:40 of 3rd period - Puck is out of play.
14:41 of 3rd period - Casey Mittelstadt wins face-off versus Nick Suzuki in Reign zone.
14:44 of 3rd period - Snap shot by David Pope.
14:44 of 3rd period - Stopped by Ivan Fedotov without a rebound.
14:45 of 3rd period - Casey Mittelstadt wins face-off versus Nick Suzuki in Reign zone.
14:49 of 3rd period - Minor Penalty to Nick Suzuki for Hooking.
14:50 of 3rd period - David Pope wins face-off versus Darroll Powe in Reign zone.
15:22 of 3rd period - Slapshot by Steven Santini.
15:22 of 3rd period - Shot Blocked by Nicolas Hague.
16:49 of 3rd period - Penalty to Nick Suzuki is over, Nick Suzuki is back on ice.
17:23 of 3rd period - Kevin Fiala is hit by Sebastian Collberg and loses puck.
17:45 of 3rd period - Alexander Romanov is hit by Steven Santini and loses puck.
18:32 of 3rd period - Brady Tkachuk is hit by Casey Mittelstadt and loses puck.
18:58 of 3rd period - Michael Anderson is hit by Alexander Barabanov and loses puck.
19:35 of 3rd period - Charlie McAvoy is hit by Casey Mittelstadt.
19:59 of 3rd period - Oliver Bjorkstrand is hit by Pierre-Luc Dubois and loses puck.
Goals for this period are 0 for Reign vs 0 for Wolfpack.
Shots for this period are 11 for Reign vs 3 for Wolfpack.

Overtime #1


0:01 of 1st overtime period - Darroll Powe wins face-off versus David Pope in neutral zone.
0:06 of 1st overtime period - Slapshot by Jesse Puljujarvi.
0:06 of 1st overtime period - Shot Blocked by Samuel Blais.
0:06 of 1st overtime period - Samuel Blais from Wolfpack is injured at 0:06 of 1st overtime period (Back Spasms).
0:07 of 1st overtime period - Darroll Powe wins face-off versus David Pope in Wolfpack zone.
0:10 of 1st overtime period - Wrist shot by Darroll Powe.
0:10 of 1st overtime period - Shot Blocked by Steven Santini.
0:39 of 1st overtime period - Wrist shot by Nick Suzuki.
0:39 of 1st overtime period - Shot Misses the Net.
0:41 of 1st overtime period - Snap shot by Kevin Fiala.
0:41 of 1st overtime period - Shot Misses the Net.
1:01 of 1st overtime period - Wrist shot by Casey Mittelstadt.
1:01 of 1st overtime period - Stopped by Ivan Fedotov with a rebound.
4:01 of 1st overtime period - Ryan Culkin is hit by Nick Suzuki and loses puck.
4:33 of 1st overtime period - K'Andre Miller is hit by Jesse Puljujarvi and loses puck.
4:52 of 1st overtime period - Snap shot by Brady Tkachuk.
4:52 of 1st overtime period - Deflect By Yegor Sharangovich.
4:52 of 1st overtime period - Shot Misses the Net.
4:52 of 1st overtime period - Puck is out of play.
4:53 of 1st overtime period - Yegor Sharangovich wins face-off versus Sebastian Collberg in Wolfpack zone.
Goals for this period are 0 for Reign vs 0 for Wolfpack.
Shots for this period are 0 for Reign vs 1 for Wolfpack.

ShootOut


5:00 of 1st overtime period - Round #1.
5:00 of 1st overtime period - Reign, Kevin Fiala.
5:00 of 1st overtime period - Wrist shot by Kevin Fiala.
5:00 of 1st overtime period - Shot Misses the Net.
5:00 of 1st overtime period - Wolfpack, Oliver Bjorkstrand.
5:00 of 1st overtime period - Snap shot by Oliver Bjorkstrand.
5:00 of 1st overtime period - Stopped by Ivan Fedotov.
5:00 of 1st overtime period - Round #2.
5:00 of 1st overtime period - Reign, Nick Suzuki.
5:00 of 1st overtime period - Snap shot by Nick Suzuki.
5:00 of 1st overtime period - Stopped by Mike Condon.
5:00 of 1st overtime period - Wolfpack, David Pope.
5:00 of 1st overtime period - Wrist shot by David Pope.
5:00 of 1st overtime period - Goal by David Pope.
5:00 of 1st overtime period - Round #3.
5:00 of 1st overtime period - Reign, Jesse Puljujarvi.
5:00 of 1st overtime period - Deke by Jesse Puljujarvi.
5:00 of 1st overtime period - Stopped by Mike Condon.